 Dungeon Crawl Stone Soup version 0.18-a0-337-g1235303 (webtiles) character file.

65 4thArraOfDagon the Ruffian (level 3, 0/29 HPs)
             Began as a Centaur Transmuter on Nov 28, 2015.
             Shot with an arrow by a centaur (6 damage)
             ... on level 5 of the Dungeon.
             The game lasted 00:07:56 (1240 turns).

4thArraOfDagon the Ruffian (Centaur Transmuter)     Turns: 1240, Time: 00:07:56

Health: 0/29       AC:  7    Str: 12    XL:     3   Next: 92%
Magic:  5/5        EV: -2    Int: 13    God:
Gold:   30         SH:  0    Dex:  9    Spells: 1 memorised, 4 levels left

rFire  . . .     SeeInvis .     n - +0 spear (flame)
rCold  . . .     Clarity  .     o - +0 chain mail
rNeg   . . .     SustAt   .     (no shield)
rPois  .         Gourm    .     (no helmet)
rElec  .         Spirit   .     (no cloak)
rCorr  .         Warding  .     (no gloves)
rMut   .         Stasis   .     (no barding)
MR     .....                    (no amulet)
Stlth  ..........               (no ring)
                                (no ring)

@: very quick, not resistant to hostile enchantments, extremely unstealthy
A: hooves 3, deformed body, speed 2, tough skin 3
a: no special abilities


You were on level 5 of the Dungeon.
You were not hungry.

You visited 1 branch of the dungeon, and saw 5 of its levels.

You collected 30 gold pieces.

Inventory:

Hand Weapons
 i - a +0 hand axe
 n - a +0 spear of flaming (weapon)
Missiles
 a - 12 arrows
 k - 3 javelins of returning (quivered)
 p - a throwing net
Armour
 j - a +0 plate armour
 o - a +0 chain mail (worn)
Scrolls
 e - a scroll of blinking {unknown}
 g - 2 scrolls of teleportation
 h - 2 scrolls of fog {unknown}
 l - a scroll of enchant armour {unknown}
 r - a scroll of remove curse {unknown}
Potions
 b - a potion of haste {unknown}
 m - a potion of mutation {unknown}
 q - a potion of flight
Books
 c - a book of Changes

   Spells                             Type                      Level
   a - Beastly Appendage              Transmutation                1
   b - Sticks to Snakes               Transmutation                2
   c - Spider Form                    Transmutation/Poison         3
   d - Ice Form                       Ice/Transmutation            4
   e - Blade Hands                    Transmutation                5
Comestibles
 d - 4 bread rations
 f - 2 slices of pizza
 s - 3 chunks of flesh


   Skills:
 + Level 2.2 Fighting
 * Level 2.1 Polearms
 + Level 1.9 Dodging
 - Level 3.0 Unarmed Combat
 - Level 1.5 Spellcasting
 - Level 1.7 Transmutations


You had 4 spell levels left.
You knew the following spells:

 Your Spells              Type           Power        Failure   Level  Hunger
a - Beastly Appendage     Trmt           #.....       100%        1    ##.....


Dungeon Overview and Level Annotations

Branches:
Dungeon (5/15)
 Temple: D:4-7

Altars:
Gozag

Annotations:
D:3 Purgy


Innate Abilities, Weirdness & Mutations

You have hooves in place of feet.
Armour fits poorly on your strangely shaped body.
You cover ground very quickly.
You have extremely tough skin (AC +3).


Message History

You see here an arrow.
Unknown command.
The giant cockroach bites you but does no damage.
Unknown command.
The giant cockroach bites you but does no damage.
Unknown command.
The giant cockroach bites you but does no damage.
Unknown command.
The adder bites you.
* * * LOW HITPOINT WARNING * * *
The giant cockroach waves its antennae.
Unknown command.
Unknown command.
Unknown command.
Unknown command.
A jackal zombie comes into view.
There is a stone staircase leading down here.
Unknown command.
The centaur shoots an arrow.
The arrow hits you.
You die...

....#.##......##.#.#.#
#####..+....c......#.#
####....#.##.###.#
#..s.#........#
#....##...#####
#....##.s.#
#....###.S#
###....###..#####..
........(...@..Z...#
........#......######
....%...#......#
........#......#
........#......#
........#.%....#
.......#$.....#
#......#


You could see a centaur, an adder, a jackal zombie and a giant cockroach.

Vanquished Creatures
  2 adders (D:3)
  An orc (D:5)
  4 bats
  2 giant cockroaches
  2 goblins (D:1)
  6 hobgoblins
  7 jackals
  A giant gecko (D:2)
  5 giant newts
  6 kobolds
  2 quokkas (D:2)
  5 rats
43 creatures vanquished.

Notes
Turn   | Place    | Note
--------------------------------------------------------------
     0 | D:1      | 4thArraOfDagon the Centaur Transmuter began the quest for the Orb.
     0 | D:1      | Reached XP level 1. HP: 16/16 MP: 3/3
   396 | D:3      | ok
   445 | D:2      | Reached XP level 2. HP: 12/23 MP: 4/4
   470 | D:1      | Reached skill level 1 in Polearms
   743 | D:1      | Reached XP level 3. HP: 12/29 MP: 5/5
   919 | D:3      | bad wealking
  1102 | D:3      | Noticed Purgy
  1103 | D:3      | hmm
  1103 | D:3      | i will be back
  1131 | D:5      | Entered Level 5 of the Dungeon
  1131 | D:5      | Noticed a centaur
  1131 | D:5      | Noticed an ogre
  1135 | D:5      | bad choice
  1178 | D:5      | Found an opulent altar of Gozag.
  1225 | D:5      | Noticed a centaur
  1240 | D:5      | Shot with an arrow by a centaur

Vault maps used:
D:1:      scummos_arrival_hexagon, serial_glass, glass_columns_a,
          glass_columns_b, glass_columns_a, glass_columns_a, glass_columns_a,
          glass_columns_a, glass_columns_a, glass_columns_b
D:2:      minmay_unequal, uniq_robin
D:3:      uniq_purgy, uniq_terence, uniq_grinder, uniq_crazy_yiuf_cottage
D:4:      uniq_blork_the_orc, uniq_eustachio
D:5:      first_bread, basic_altar, portal_sewer_entry_d, grunt_gozag_statues

Action                   || total
-------------------------++-------
Melee: Unarmed           ||    24
       Spear             ||   131
Throw: Javelin           ||     2
  Use: Scroll            ||     5
       Potion            ||     4
